 Dungeon Crawl Stone Soup version 0.26-a0-21-gf97e55d (webtiles) character file.

Game seed: 4038879490111739967, levelgen mode: deterministic

189 Ayyar the Shooter (level 5, -10/45 HPs)
             Began as a Centaur Hunter on May 26, 2020.
             Killed by divine providence
             ... invoked by an orc priest
              (16 damage)
             ... on level 4 of the Dungeon.
             The game lasted 00:11:34 (2358 turns).

Ayyar the Shooter (Centaur Hunter)                  Turns: 2358, Time: 00:11:34

Health: -10/45     AC: 10    Str: 15    XL:     5   Next: 40%
Magic:  5/5        EV:  4    Int: 10    God:
Gold:   178        SH:  0    Dex: 10    Spells: 4/4 levels left

rFire    . . .     SeeInvis .   b - +0 rapier
rCold    . . .     Gourm    .   (no shield)
rNeg     . . .     Faith    .   m - +0 chain mail
rPois    .         Spirit   .   s - +2 helmet
rElec    .         Reflect  .   (no cloak)
rCorr    .         Harm     .   (no gloves)
MR       .....                  (no barding)
Stlth    ..........             (no amulet)
HPRegen  0.15/turn              (no ring)
MPRegen  0.09/turn              (no ring)

@: very quick
A: large, hooves 3, deformed body, speed 2, tough skin 3
a: no special abilities


You were on level 4 of the Dungeon.
You were not hungry.

You visited 1 branch of the dungeon, and saw 4 of its levels.

You collected 178 gold pieces.

Inventory:

Hand Weapons
 a - a +1 shortbow
 b - a +0 rapier (weapon)
Missiles
 d - 83 arrows
Armour
 m - a +0 chain mail (worn)
 s - a +2 helmet (worn)
Jewellery
 j - an uncursed ring of flight {unknown}
 k - an uncursed amulet of regeneration {unknown}
Scrolls
 e - 7 scrolls of identify {unknown}
 g - a scroll of magic mapping {unknown}
 h - 2 scrolls of noise {unknown}
 i - 3 scrolls of remove curse
 o - a scroll of enchant armour {unknown}
 p - a scroll of teleportation {unknown}
 v - a scroll of amnesia {unknown}
Potions
 l - a potion of cancellation {unknown}
 n - a potion of lignification {unknown}
 q - a potion of invisibility {unknown}
 r - 2 potions of ambrosia {unknown}
 t - a potion of resistance {unknown}
 u - a potion of stabbing {unknown}
 w - a potion of heal wounds {unknown}
 x - a potion of curing {unknown}
Comestibles
 c - 3 chunks of flesh
 f - 4 rations


   Skills:
 + Level 3.3 Fighting
 + Level 2.0 Short Blades
 + Level 6.3 Bows
 + Level 2.4 Dodging
 - Level 0.5 Stealth


You had 4 spell levels left.
You didn't know any spells.
Your spell library contained the following spells:

 Spells                   Type           Power        Failure   Level  Hunger
 Animate Skeleton         Necr           N/A          100%        1    ##.....
 Pain                     Necr           #...         100%        1    ##.....
 Vampiric Draining        Necr           #.........   100%        3    ####...
 Animate Dead             Necr           N/A          100%        4    #####..
 Agony                    Necr           #.......     100%        5    ######.


Dungeon Overview and Level Annotations

Branches:
Dungeon (4/15)
 Temple: D:4-7

Altars:
Fedhas
Gozag


Innate Abilities, Weirdness & Mutations

You have hooves in place of feet.
Armour fits poorly on your strangely shaped body.
You cover ground very quickly.
You have extremely tough skin. (AC +3)


Message History

You are too injured to fight recklessly!
Firing (i - inventory)
d - 84 arrows (quivered)
Press: ? - help, Shift-Dir - straight line, f - orc priest
Aim: an orc priest, wielding a +0 mace You shoot an arrow.
The arrow hits the orc priest.
The orc priest is moderately wounded.
b - a +0 rapier (weapon)
You are too injured to fight recklessly!
You are too injured to fight recklessly!
You are too injured to fight recklessly!
You hit the orc priest.
The orc priest is heavily wounded.
You hit the orc priest.
The orc priest is heavily wounded.
The orc priest calls down the wrath of Beogh upon you.
Pain shoots through your body!
* * * LOW HITPOINT WARNING * * *
The orc priest mumbles some strange prayers to Beogh against you.
Beogh smites you!
You die...

########## ## #........#
..####........#
...#........#
#.#........# #(oo.......#
...o...#@.......#
...(...#........#
.(.....#........#
.......#........#
.......#........####
.......#......).....
.......#.........########
#####...#.#...>.#.
#.......##..#.#.


You could see 2 orc priests.

Vanquished Creatures
  An orc priest (D:4)
  A centaur skeleton (D:4)
  An iguana (D:3)
  2 adders (D:2)
  An ooze (D:1)
  3 worms (D:2)
  4 dart slugs
  A leopard gecko (D:3)
  8 orcs
  4 giant cockroaches
  4 goblins
  9 hobgoblins
  6 jackals
  6 kobolds
  2 bats
  A frilled lizard (D:2)
  6 rats
60 creatures vanquished.

Notes
Turn   | Place    | Note
-------+----------+-------------------------------------------
     0 | D:1      | Ayyar the Centaur Hunter began the quest for the Orb.
     0 | D:1      | Reached XP level 1. HP: 17/17 MP: 1/1
   255 | D:1      | Reached XP level 2. HP: 24/24 MP: 2/2
  1075 | D:2      | Reached XP level 3. HP: 30/30 MP: 3/3
  1129 | D:2      | Reached skill level 1 in Short Blades
  1249 | D:2      | Found an opulent altar of Gozag.
  1516 | D:2      | Reached XP level 4. HP: 32/37 MP: 4/4
  1731 | D:3      | Reached skill level 6 in Bows
  1839 | D:3      | Found a blossoming altar of Fedhas.
  2280 | D:4      | Reached XP level 5. HP: 45/45 MP: 5/5
  2358 | D:4      | Killed from afar by an orc priest

Illustrated notes

Levels and vault maps discovered:
D:1:      nicolae_arrival_somewhat_less_tricky_arrival, layout_loops_ring,
          ebering_dispersal_statue_hall
D:2:      layout_rooms, nicolae_overflow_crystal_walls, grunt_ministairs_9
D:3:      layout_basic, lemuel_crystal_altar
D:4:      minmay_recursive_quarters, layout_basic,
          nemelex_xobeh_ov_fountains_minmay, st_stairs_7

Skill      XL: |  1  2  3  4  5 |
---------------+----------------+-----
Short Blades   | 1 2 |  2.0
Dodging        | 2 |  2.4
Bows           | 6 |  6.3
Fighting       | 3 |  3.3
Stealth        | |  0.5

Action                   |  1- 3 |  4- 6 || total
-------------------------+-------+-------++-------
Melee: Short sword       |    29 |    41 ||    70
       Kick              |     8 |    17 ||    25
       Rapier            |       |    31 ||    31
 Fire: Shortbow          |    69 |    30 ||    99
  Use: Scroll            |     1 |       ||     1
  Eat: Chunk             |     1 |     2 ||     3
Armor: Leather armour    |     6 |       ||     6
       Chain mail        |    14 |    62 ||    76
Dodge: Dodged            |    10 |    23 ||    33

Table legend:
 A = Non-vault XP
 B = Vault XP
 C = Vault XP percentage of total XP
 D = Non-vault monster count
 E = Vault monster count
 F = Vault count percentage of total count
                 A         B        C        D         E       F
            +---------+---------+-------+---------+---------+-------
      Total |     267 |       3 |   1.1 |      58 |       2 |   3.3
            +---------+---------+-------+---------+---------+-------
        D:1 |      31 |       0 |   0.0 |      13 |       0 |   0.0
        D:2 |      64 |       3 |   4.5 |      17 |       2 |  10.5
        D:3 |      72 |       0 |   0.0 |      18 |       0 |   0.0
        D:4 |     100 |       0 |   0.0 |      10 |       0 |   0.0
            +---------+---------+-------+---------+---------+-------
